 Dungeon Crawl Stone Soup version 0.28.0 (webtiles) character file.

Game seed: 14234934021304435803

57 hikkokomori the Skirmisher (level 4, -1/55 HPs)
             Began as a Formicid Fighter on Feb 11, 2022.
             Slain by a gnoll (4 damage)
             ... on level 2 of the Dungeon.
             The game lasted 00:01:18 (918 turns).

hikkokomori the Skirmisher (Formicid Fighter)        Turns: 918, Time: 00:01:18

Health: -1/55      AC: 22    Str: 23    XL:     4   Next: 18%
Magic:  4/4        EV:  2    Int:  7    God:
Gold:   75         SH:  4    Dex: 10    Spells: 3/3 levels left

rFire   . . .      SeeInvis .   a - +0 quarterstaff
rCold   . . .      Faith    .   c - +0 buckler
rNeg    . . .      Spirit   .   (armour currently unavailable)
rPois   +          Reflect  .   (helmet unavailable)
rElec   .          Harm     .   (cloak currently unavailable)
rCorr   .          Rampage  .   (gloves currently unavailable)
Will    .....                   (boots currently unavailable)
Stlth   +.........              (no amulet)
HPRegen 0.18/turn               (no ring)
MPRegen 0.09/turn               (no ring)

@: tree-form
A: stationary, stasis, torment immunity, boosted hp, permanent stasis, dig
shafts and tunnels, (antennae 3), four strong arms
a: no special abilities


You were on level 2 of the Dungeon.
You were a tree.
You visited 1 branch of the dungeon, and saw 2 of its levels.

You collected 75 gold pieces.

Inventory:

Hand Weapons
 a - a +0 quarterstaff (weapon)
Missiles
 m - 12 poisoned darts
Armour
 b - a +0 scale mail (melded)
 c - a +0 buckler (worn)
Scrolls
 e - a scroll of noise {unknown}
 h - a scroll of identify {unknown}
 j - a scroll of magic mapping {unknown}
 l - 4 scrolls of immolation {unknown}
 n - 3 scrolls of holy word {unknown}
 o - a scroll of acquirement {unknown}
Potions
 d - 2 potions of might
 f - a potion of brilliance {unknown}
 g - a potion of heal wounds {unknown}
 i - a potion of flight {unknown}
 k - 2 potions of lignification


   Skills:
 + Level 4.0 Fighting
 + Level 2.9 Staves
 + Level 4.0 Armour
 - Level 3.6 Shields


You had 3 spell levels left.
You didn't know any spells.
Your spell library was empty.

Dungeon Overview and Level Annotations

Branches:
Dungeon (2/15)

Altars:


Innate Abilities, Weirdness & Mutations

You are a tree.
Your roots penetrate the ground, keeping you stationary.
You cannot be teleported.
You are immune to unholy pain and torment.
Your maximum health is greatly increased.
Your equipment is partially melded.
You cannot be hasted, slowed, berserked, paralysed or teleported.
You can dig through walls and to a lower floor.
((You have a pair of large antennae on your head. (SInv)))
Your four strong arms can wield two-handed weapons with a shield.


Message History

The gnoll hits you with a +0 club.
You hit the gnoll.
The gnoll is heavily wounded.
The gnoll hits you but does no damage.
You sock the gnoll!
You kill the gnoll!
You closely miss the gnoll. The gnoll hits you with a +0 whip.
You barely miss the gnoll. You block the gnoll's attack.
The gnoll hits you but does no damage.
The gnoll shouts!
You hit the gnoll.
The gnoll is heavily wounded.
A gnoll comes into view. It is wielding a +0 club.
The gnoll hits you with a +0 whip.
You hit the gnoll.
The gnoll is almost dead.
The gnoll hits you with a +0 whip!
You barely miss the gnoll.
The gnoll is almost dead.
The gnoll hits you with a +0 whip.
* * * LOW HITPOINT WARNING * * *
Unknown command.
You hit the gnoll.
You kill the gnoll!
Your Fighting skill increases to level 4!
Your Armour skill increases to level 4!
You have reached level 4!
You feel stronger.
You barely miss the gnoll.
The gnoll hits you with a +1 flail of protection!
* * * LOW HITPOINT WARNING * * *
Press: ? - help, v - describe, . - travel, g - get item
Here: a gnoll, wielding a +1 flail of protection
Items here: a +0 whip; a +0 club; a gnoll corpse.
The floor, spattered with blood.
It was a potion of lignification.
You turn into a tree.
Your +0 scale mail melds into your body.
Your roots penetrate the ground.
The gnoll hits you with a +1 flail of protection.
You die...

##.###.#
##.## #.
#......#
#†### #.
######..#####
#...###.
...........#
#.#...#.
######(.##.##
###...##
#.....##..#
#...##
#.###.#####
#...#.
##.###.....#
#...#.
#..gg♣.#####
#...#)
#..#####
...#...#. #g.
..........
#g.
..8...⌠... {
g..
...........
###.
##...#...#.
## #...#...#.
#.>.#...#. #.
#...#.


You could see 2 gnolls.

Vanquished Creatures
  2 gnolls (D:2)
  2 dart slugs (D:1)
  3 bats (D:1)
  3 endoplasms (D:1)
  6 goblins
  5 hobgoblins
  A quokka (D:1)
  4 ball pythons
  3 frilled lizards (D:1)
  A rat (D:1)
30 creatures vanquished.

Notes
Turn   | Place    | Note
-------+----------+-------------------------------------------
     0 | D:1      | hikkokomori the Formicid Fighter began the quest for the
                  | Orb.
     0 | D:1      | Reached XP level 1. HP: 18/18 MP: 1/1
    94 | D:1      | Reached XP level 2. HP: 24/24 MP: 2/2
   312 | D:1      | Reached XP level 3. HP: 30/30 MP: 3/3
   917 | D:2      | Reached XP level 4. HP: 10/37 MP: 4/4
   918 | D:2      | Slain by a gnoll

Illustrated notes

Levels and vault maps discovered:
D:1:      erik_arrival_orb_chamber, layout_rooms, minmay_small_reverse_x
D:2:      layout_loops_ring, moated_statue, nicolae_elevator_lobby_plus

Skill      XL: |  1  2  3 |
---------------+----------+-----
Fighting       | 4 |  4.0
Armour         | 4 |  4.0
Staves         | |  2.9
Shields        | |  3.6

Action                   |  1- 3 |  4- 6 || total
-------------------------+-------+-------++-------
Melee: Quarterstaff      |    81 |     1 ||    82
  Use: Potion            |       |     1 ||     1
Armor: Scale mail        |    46 |       ||    46
Dodge: Dodged            |    37 |       ||    37
Block: Buckler           |    18 |       ||    18
